 Dungeon Crawl Stone Soup version 0.31-a0-664-g902f515a81 (webtiles) character file.

Game seed: 15107880776176715018

240 avis the Ducker (level 6, 0/43 HPs)
             Began as a Djinni Shapeshifter on Sept 3, 2023.
             Slain by Edmund
             ... wielding a +0 dire flail of protection
              (3 damage)
             ... on level 4 of the Dungeon.
             The game lasted 00:18:56 (2807 turns).

avis the Ducker (Djinni Shapeshifter)               Turns: 2807, Time: 00:18:57

Health: 0/43       AC:  5    Str: 13    XL:     6   Next: 30%
Gold:   135        EV: 11    Int: 13    God:
                   SH:  4    Dex: 13

rFire   + +          .
                       - Unarmed
rCold   x . .        r - +0 buckler
rNeg    . . .        j - +0 ring mail
rPois   ∞            (helmet currently unavailable)
rElec   .            (cloak currently unavailable)
rCorr   .            (gloves currently unavailable)
SInv    .            (boots unavailable)
Will    .....        (no amulet)
Stlth   +            (no ring)
HPRegen 0.27/turn    (no ring)
MPRegen 0.00/turn

%: infuse magic (-1 HP)
@: beast-form, flying
A: beast (slay +1), flying, sickness immunity, fire resistance 2, cold
vulnerability 1, float, innate caster, HP casting, extra vitality 1
a: Begin Untransformation


You were on level 4 of the Dungeon.
You were a hulking beast.
You visited 2 branches of the dungeon, and saw 5 of its levels.

You collected 135 gold pieces.

Inventory:

Missiles
 s - 5 poisoned darts
Armour
 j - a +0 ring mail (worn)
 r - a +0 buckler (worn)
Talismans
 c - a beast talisman (active)
 d - a flux talisman
Wands
 n - a wand of paralysis (1)
Scrolls
 e - 4 scrolls of identify {unknown}
 h - a scroll of brand weapon {unknown}
 m - 2 scrolls of noise {unknown}
 o - a scroll of blinking {unknown}
 p - 3 scrolls of teleportation {unknown}
 t - a scroll of vulnerability {unknown}
Potions
 b - a potion of lignification
 f - 2 potions of curing {unknown}
 i - a potion of resistance {unknown}
 l - 2 potions of attraction {unknown}
 q - 2 potions of mutation {unknown}
 u - a potion of haste {unknown}


   Skills:
 - Level 2.0 Fighting
 * Level 4.2 Dodging
 + Level 3.8 Unarmed Combat
 * Level 1.7 Spellcasting
 * Level 1.7 Conjurations
 * Level 1.7 Hexes
   Level 0.0 Charms
 * Level 1.7 Summonings
 * Level 1.7 Necromancy
 * Level 1.7 Translocations
 * Level 1.7 Transmutations
 * Level 1.7 Fire Magic
 * Level 1.7 Ice Magic
 * Level 1.7 Air Magic
 * Level 1.7 Earth Magic
 * Level 1.7 Poison Magic
 + Level 3.3 Shapeshifting


You knew the following spells:

 Your Spells              Type           Power      Damage    Failure   Level
a - Necrotise             Necr           20%        1d5       38%         1
b - Searing Ray           Conj           10%        2d4       52%         2
Your spell library was empty.

Dungeon Overview and Level Annotations

Branches:
Dungeon (4/15)             Temple (1/1) D:4

Altars:
Ashenzari
Fedhas
Hepliaklqana
Nemelex Xobeh
Okawaru
Trog
Uskayaw
Wu Jian
Xom
Yredelemnul
Zin
The Shining One

Annotations:
D:4 Edmund, Eustachio


Innate Abilities, Weirdness & Mutations

You are a hulking beast.
Your limbs bulge with bestial killing power. (Slay +1)
You are flying.
You are immune to sickness and miasma.
You are immune to poison.
Your flesh is very heat resistant. (rF++)
You are vulnerable to cold. (rC-)
You float through the air rather than walking.
You learn spells naturally, not from books.
Your magical power is your life essence.
You have superior vitality. (+4 MHP)


Message History

The helpless Edmund fails to defend himself.
You hit Edmund.
Edmund is moderately wounded.
The helpless Edmund fails to defend himself.
You hit Edmund.
Edmund is moderately wounded.
Edmund is no longer paralysed.
Edmund hits you with a +0 dire flail of protection!
The helpless Eustachio fails to defend himself.
You hit Eustachio but do no damage. Edmund barely misses you.
The helpless Eustachio fails to defend himself.
You hit Eustachio.
Eustachio is lightly wounded.
You block Edmund's attack.
The helpless Eustachio fails to defend himself.
You hit Eustachio but do no damage.
Eustachio is lightly wounded.
Edmund hits you with a +0 dire flail of protection!
The helpless Eustachio fails to defend himself.
You punch Eustachio!
Eustachio is moderately wounded.
Eustachio is no longer paralysed.
Eustachio casts a spell.
Eustachio blinks!
Edmund misses you.
You hit Edmund but do no damage.
Edmund is moderately wounded.
Edmund closely misses you.
You hit Edmund.
Edmund is moderately wounded.
Edmund hits you with a +0 dire flail of protection.
You hit Edmund but do no damage.
Edmund is moderately wounded.
Edmund hits you with a +0 dire flail of protection!
* * * LOW HITPOINT WARNING * * *
Okay, then.
Eustachio casts a spell.
Edmund attacks as he pursues you!
Edmund hits you with a +0 dire flail of protection.
You die...
Edmund says, "I'd like to see a scythe do that!"

....# ####......##....#
....####........†##....#######
.........#.....#..............
###.##..##.....##......#######
#....##..#.#..##.....#
##..##..##.##..##....#
#.....##...##.......#
##.......>.........##
#....##rbb##h.....#
#.##..##.##@.##.###
####..##..#.#..##..#
#(....?##...b@## .##
#.......#..5.b#. #
#...............#
#......#....#####
#.....?#.^.## .......#...#


You could see Edmund, Eustachio, an ufetubus (summoned) and 2 bats.

Vanquished Creatures
  A jelly (D:4)
  Natasha (thrice) (D:2)
  An orc wizard (D:4)
  3 adders
  A worm (D:4)
  A dart slug (D:3)
  2 orcs (D:4)
  3 ball pythons
  9 endoplasms
  2 giant cockroaches (D:4)
  5 goblins
  6 hobgoblins
  8 jackals (D:3)
  4 quokkas
  8 bats
  7 frilled lizards
  6 kobolds
  4 rats
74 creatures vanquished.

Notes
Turn   | Place    | Note
-------+----------+-------------------------------------------
     0 | D:1      | avis the Djinni Shapeshifter began the quest for the Orb.
     0 | D:1      | Reached XP level 1. HP: 17/17 MP: 0/0
    60 | D:1      | Reached XP level 2. HP: 20/22 MP: 0/0
   730 | D:1      | Reached XP level 3. HP: 23/27 MP: 0/0
   730 | D:1      | Learned a level 1 spell: Necrotise
   995 | D:2      | Noticed Natasha
  1009 | D:2      | Killed Natasha
  1010 | D:2      | Reached skill level 3 in Dodging
  1010 | D:2      | Reached XP level 4. HP: 30/33 MP: 0/0
  1143 | D:2      | Noticed Natasha
  1159 | D:2      | Killed Natasha
  1160 | D:2      | Reached skill level 1 in Spellcasting
  1160 | D:2      | Reached skill level 1 in Conjurations
  1160 | D:2      | Reached skill level 1 in Hexes
  1160 | D:2      | Reached skill level 1 in Summonings
  1160 | D:2      | Reached skill level 1 in Necromancy
  1160 | D:2      | Reached skill level 1 in Translocations
  1160 | D:2      | Reached skill level 1 in Transmutations
  1160 | D:2      | Reached skill level 1 in Fire Magic
  1160 | D:2      | Reached skill level 1 in Ice Magic
  1160 | D:2      | Reached skill level 1 in Air Magic
  1160 | D:2      | Reached skill level 1 in Earth Magic
  1160 | D:2      | Reached skill level 1 in Poison Magic
  1168 | D:2      | Noticed Natasha
  1292 | D:2      | Killed Natasha
  1293 | D:2      | Reached XP level 5. HP: 18/38 MP: 0/0
  1293 | D:2      | Learned a level 2 spell: Searing Ray
  1787 | D:3      | Found a faded altar of an unknown god.
  2002 | D:3      | Found an ornate altar of the Wu Jian Council.
  2446 | D:4      | Found a glowing golden altar of the Shining One.
  2463 | D:4      | Reached skill level 4 in Dodging
  2463 | D:4      | Reached XP level 6. HP: 31/43 MP: 0/0
  2586 | D:4      | Found a staircase to the Ecumenical Temple.
  2631 | Temple   | Entered the Ecumenical Temple
  2654 | D:4      | Noticed Eustachio
  2655 | D:4      | Noticed Edmund
  2803 | D:4      | HP: 2/43 [Edmund/+0 dire flail of protection (13)]
  2807 | D:4      | Slain by Edmund

Illustrated notes

Levels and vault maps discovered:
D:1:      dpeg_arrival_connections, layout_loops_ring, glass_columns_a
D:2:      layout_rooms, uniq_natasha
D:3:      layout_basic, mainiacjoe_overflow_paths, ebering_ecumenical_altar_webs
D:4:      layout_basic, lemuel_round_altar, lemuel_tele_altar,
          minmay_temple_entry_waves, uniq_edmund, uniq_eustachio
Temple:   hellmonk_temple_two_chambers

Skill      XL: |  1  2  3  4  5 |
---------------+----------------+-----
Dodging        | 3 4 |  4.2
Spellcasting   | 1 |  1.7
Conjurations   | 1 |  1.7
Hexes          | 1 |  1.7
Summonings     | 1 |  1.7
Necromancy     | 1 |  1.7
Translocations | 1 |  1.7
Transmutations | 1 |  1.7
Fire Magic     | 1 |  1.7
Ice Magic      | 1 |  1.7
Air Magic      | 1 |  1.7
Earth Magic    | 1 |  1.7
Poison Magic   | 1 |  1.7
Shapeshifting  | 3 |  3.3
Fighting       | 2 |  2.0
Unarmed Combat | |  3.8

Action                     |  1- 3 |  4- 6 || total
---------------------------+-------+-------++-------
  Melee: Unarmed           |    78 |   184 ||   262
         Punch             |       |     3 ||     3
   Cast: Necrotise         |     1 |     2 ||     3
  Evoke: Wand              |       |     3 ||     3
   Stab: Paralysed         |       |    12 ||    12
 Armour: Animal skin       |    11 |       ||    11
         Leather armour    |    25 |       ||    25
         Ring mail         |    22 |    46 ||    68
         Plate armour      |       |    80 ||    80
  Dodge: Dodged            |    53 |    52 ||   105
  Block: Buckler           |       |     6 ||     6

Table legend: (Time is in decaauts)
 A = Elapsed time spent in this place.
 B = Non-inter-level travel time spent in this place.
 C = Inter-level travel time spent in this place.
 D = Time resting spent in this place.
 E = Time spent auto-exploring this place.
 F = Levels seen in this place.
 G = Mean time per level.
                   A        B        C        D        E       F      G
               +--------+--------+--------+--------+--------+-----+--------+
         Total |   2821 |   2679 |    142 |    448 |   1383 |   5 |  564.2 |
       Dungeon |   2705 |   2563 |    142 |    348 |   1383 |   4 |  676.2 |
        Temple |    115 |    115 |      0 |    100 |      0 |   1 |  115.0 |
               +--------+--------+--------+--------+--------+-----+--------+

Top non-repeatable levels by time:
     D:1: 1076 daAuts
     D:3: 655 daAuts
     D:2: 596 daAuts
     D:4: 377 daAuts
  Temple: 115 daAuts
